 Dungeon Crawl Stone Soup version 0.27.1-1-g398f81649c (webtiles) character file.

Game seed: 16081481745772970886

18 Destapler the Shield-Bearer (level 2, 27/27 HPs)
             Began as a Minotaur Fighter on Sept 14, 2021.
             Was a Follower of Sif Muna.
             Got out of the dungeon alive.
             The game lasted 00:00:58 (524 turns).

Destapler the Shield-Bearer (Minotaur Fighter)       Turns: 524, Time: 00:00:59

Health: 27/27      AC:  8    Str: 20    XL:     2   Next: 51%
Magic:  1/1        EV:  7    Int:  5    God:    Sif Muna [*.....]
Gold:   38         SH:  9    Dex: 12    Spells: 1/1 levels left

rFire    . . .     SeeInvis .   j - +0 hand axe (vorpal)
rCold    . . .     Faith    .   c - +0 kite shield
rNeg     . . .     Spirit   .   b - +0 scale mail
rPois    .         Reflect  .   (helmet restricted)
rElec    .         Harm     .   (no cloak)
rCorr    .         Rampage  .   i - +0 pair of gloves {Dex+3}
Will     .....                  (no boots)
Stlth    ..........             (no amulet)
HPRegen  0.09/turn              (no ring)
MPRegen  0.07/turn              (no ring)

@: no status effects
A: horns 2, retaliatory headbutt
a: Renounce Religion, Channel Magic


You escaped.
You worshipped Sif Muna.
Sif Muna was aware of your devotion.
You visited 1 branch of the dungeon, and saw 1 of its levels.

You collected 38 gold pieces.

Inventory:

Hand Weapons
 a - a +0 long sword
 j - a +0 vorpal hand axe (weapon)
Missiles
 g - 8 boomerangs (quivered)
Armour
 b - a +0 scale mail (worn)
 c - a +0 kite shield (worn)
 i - a +0 pair of gloves of dexterity (worn)
Scrolls
 e - a scroll of fear {unknown}
 k - a scroll of blinking {unknown}
 l - a scroll of noise {unknown}
 m - a scroll of teleportation {unknown}
Potions
 d - a potion of might
 f - a potion of cancellation {unknown}
 h - a potion of brilliance {unknown}


   Skills:
 + Level 3.9 Fighting
 + Level 2.8 Long Blades
 + Level 3.9 Armour
 + Level 3.9 Shields


You had one spell level left.
You didn't know any spells.
Your spell library was empty.

Dungeon Overview and Level Annotations

Branches:
Dungeon (1/15)

Altars:
Sif Muna


Innate Abilities, Weirdness & Mutations

You have a pair of horns on your head.
You reflexively headbutt those who attack you in melee.


Message History

There is a stone staircase leading down here.
A goblin comes into view. It is wielding a +0 dagger.
The goblin shouts!
A goblin is nearby!
A goblin is nearby!
A bat comes into view.
You block the bat's attack.
You closely miss the bat. You hit the goblin.
You kill the goblin!
The bat barely misses you.
A bat comes into view.
The bat hits you but does no damage.
The bat moves out of view.
You barely miss the bat. Your headbutt misses the bat.
The bat hits you but does no damage. You block the bat's attack.
You closely miss the bat. Your headbutt misses the bat.
The bat barely misses you. You furiously retaliate!
You headbutt the bat.
You kill the bat!
You hit the bat.
You kill the bat!
No target in view!
No target in view!
No target in view!
Search for what [? for help]? alt
Things that are here:
a +0 dagger; a goblin corpse
There is a faded altar of an unknown god here.
You cannot tell which god this altar belongs to.
Convert to them anyway?
Sif Muna accepts your prayer! Sif Muna welcomes you!
You can now call upon Sif Muna for magical energy.
(D) Dungeon
Where to? (Enter - D:1 @ (x,y), ? - help)
Okay, then.
There is a staircase leading out of the dungeon here.
Are you sure you want to leave the Dungeon?
This will make you lose the game!
Alright, then stay!
Unknown command.
Unknown command.
Are you sure you want to leave the Dungeon?
This will make you lose the game!
You have escaped!

.....#...######.###
.#.........##.###.#
....###.##.#..#...#
##......#..#.##.###
....###.#.##.#....#
....###.#......#..#
........########..# #
........# #...#.###...#
...#....# #....@....#
........##...###.#...#
.....#..### ..##### ........#
#..# ........# #...
........##### ###. #. ...#
........#... . .###..#
........#.# ### .....##
..........#######.######.....


There were no monsters in sight!

Vanquished Creatures
  3 bats (D:1)
  3 endoplasms (D:1)
  A giant cockroach (D:1)
  3 hobgoblins (D:1)
  A quokka (D:1)
  2 goblins (D:1)
  2 kobolds (D:1)
  A rat (D:1)
16 creatures vanquished.

Notes
Turn   | Place    | Note
-------+----------+-------------------------------------------
     0 | D:1      | Destapler the Minotaur Fighter began the quest for the Orb.
     0 | D:1      | Reached XP level 1. HP: 19/19 MP: 0/0
   172 | D:1      | Reached XP level 2. HP: 25/27 MP: 1/1
   385 | D:1      | Found a faded altar of an unknown god.
   473 | D:1      | Became a worshipper of Sif Muna the Loreminder
   473 | D:1      | Reached * piety under Sif Muna
   524 | D:$      | Got out of the dungeon alive.

Illustrated notes

Levels and vault maps discovered:
D:1:      psy_arrival_radial01, layout_rooms,
          shapermc_ecumenical_altar_mp_ritualfount

Action                   || total
-------------------------++-------
Melee: Long sword        ||    33
       Headbutt          ||     3
       Hand axe          ||     4
Armor: Scale mail        ||    21
Dodge: Dodged            ||    11
Block: Kite shield       ||    26
       Rpst.: Long sword ||     2
